 Dungeon Crawl Stone Soup version 0.29-a0-90-gc37658a0fe (webtiles) character file.

Game seed: 8072079268813559338

673 innerfire433 the Magician (level 7, -4/36 HPs)
             Began as a Deep Elf Air Elementalist on Feb 6, 2022.
             Was an Initiate of Cheibriados.
             Slain by Edmund (20 damage)
             ... on level 5 of the Dungeon.
             The game lasted 00:09:19 (4279 turns).

innerfire433 the Magician (DEAE)                    Turns: 4279, Time: 00:09:19

Health: -4/36      AC:  2    Str: 11    XL:     7   Next: 33%
Magic:  11/17      EV: 13    Int: 27    God:    Cheibriados [......]
Gold:   371        SH:  0    Dex: 16    Spells: 13/17 levels left

rFire   + + .      SeeInvis .   l - +1 whip (pain)
rCold   . . .      Faith    .   (no shield)
rNeg    . . .      Spirit   .   r - +0 robe "Narum" {rF+ Str+3 Int+6}
rPois   .          Reflect  .   (no helmet)
rElec   .          Harm     .   (no cloak)
rCorr   .          Rampage  .   (no gloves)
Will    +....                   (no boots)
Stlth   ++........              s - amulet of regeneration
HPRegen 0.92/turn               h - ring of willpower
MPRegen 0.15/turn               n - ring of protection from fire

@: very slightly contaminated, very slow
A: no striking features
a: Renounce Religion


You were on level 5 of the Dungeon.
You worshipped Cheibriados.
Cheibriados was noncommittal.
You visited 1 branch of the dungeon, and saw 5 of its levels.

You collected 371 gold pieces.

Inventory:

Hand Weapons
 l - a +1 whip of pain (weapon)
Armour
 a - a +0 robe
 r - the +0 robe "Narum" (worn) {rF+ Str+3 Int+6}
   (You found it on level 4 of the Dungeon)

   Str:       It affects your strength (+3).
   Int:       It affects your intelligence (+6).
   rF:        It protects you from fire.
 v - a +0 pair of gloves
Jewellery
 h - a ring of willpower (left hand)
 n - a ring of protection from fire (right hand)
 s - an amulet of regeneration (around neck)
 t - a ring of positive energy
Scrolls
 b - 2 scrolls of silence
 c - a scroll of blinking
 d - a scroll of vulnerability
 e - a scroll of enchant weapon
 p - a scroll of noise {unknown}
 q - 2 scrolls of teleportation
 u - a scroll of identify
Potions
 f - a potion of magic {unknown}
 g - a potion of lignification
 i - a potion of curing
 j - 2 potions of brilliance
 k - 2 potions of heal wounds {unknown}
 m - a potion of attraction {unknown}
 o - 2 potions of flight


   Skills:
 * Level 3.1 Maces & Flails
 - Level 2.6 Dodging
 - Level 2.7 Stealth
 + Level 5.7 Spellcasting
 + Level 4.1 Conjurations
 + Level 4.8 Air Magic


You had 13 spell levels left.
You knew the following spells:

 Your Spells              Type           Power      Damage    Failure   Level
a - Shock                 Conj/Air       100%       1d9       1%          1
b - Swiftness             Air            33%        N/A       2%          3

Your spell library contained the following spells:

 Spells                   Type           Power      Damage    Failure   Level
 Static Discharge         Conj/Air       31%        N/A       1%          2
 Freeze                   Ice            28%        1d5       7%          1
 Airstrike                Air            16%        N/A       9%          4
 Call Canine Familiar     Summ           7%         N/A       21%         3
 Frozen Ramparts          Ice            14%        1d3       21%         3
 Portal Projectile        Hex/Tloc       14%        N/A       21%         3
 Hailstorm                Conj/Ice       18%        3d6       28%         4
 Leda's Liquefaction      Hex/Erth       3%         N/A       54%         4


Dungeon Overview and Level Annotations

Branches:
Dungeon (5/15)
 Temple: D:4-7

Altars:
Cheibriados
Gozag

Shops:
D:2 !

Annotations:
D:5 Edmund


Message History

The zap hits Edmund but does no damage.
Casting: Shock (safe; 1% risk of failure)
Confirm with . or Enter, or press ? or * to list all spells.
Aiming: Shock (safe; 1% risk of failure)
Press: ? - help, Shift-Dir - straight line, f/p - Edmund
Aim: Edmund, wielding a +1 flail of protection, wearing a +0 chain mail and carrying a wand of digging (6) (berserk, incited by Gozag, 81% to hit)
The zap hits Edmund.
Edmund is lightly wounded.
Casting: Shock (safe; 1% risk of failure)
Confirm with . or Enter, or press ? or * to list all spells.
Aiming: Shock (safe; 1% risk of failure)
Press: ? - help, Shift-Dir - straight line, f - orc
Aim: an orc, wielding a +0 dagger and wearing a +0 leather armour (74% to hit)
The zap hits the orc.
The orc is moderately wounded.
The orc hits you with a +0 dagger.
Casting: Shock (safe; 1% risk of failure)
Confirm with . or Enter, or press ? or * to list all spells.
Aiming: Shock (safe; 1% risk of failure)
Press: ? - help, Shift-Dir - straight line, f - Edmund, p - orc
Aim: Edmund, wielding a +1 flail of protection, wearing a +0 chain mail and carrying a wand of digging (6) (lightly wounded, berserk, incited by Gozag, 81% to hit)
The zap hits the orc.
You kill the orc!
Cheibriados thoroughly appreciates the change of pace.
The zap hits Edmund but does no damage.
Edmund is lightly wounded.
Edmund barely misses you.
Casting: Shock (safe; 1% risk of failure)
Confirm with . or Enter, or press ? or * to list all spells.
Aiming: Shock (safe; 1% risk of failure)
Press: ? - help, Shift-Dir - straight line, f/p - Edmund
Aim: Edmund, wielding a +1 flail of protection, wearing a +0 chain mail and carrying a wand of digging (6) (lightly wounded, berserk, incited by Gozag, 81% to hit)
You miscast Shock.
You are very lightly contaminated with residual magic.
Nothing appears to happen.
Edmund hits you with a +1 flail of protection!!
Ouch! That really hurt!
Edmund hits you with a +1 flail of protection!!
Ouch! That really hurt!
You die...

:..# ...#
..)####
...... ....#
....#
######)..####
#...@@.......
#.#####.#####
.. ##


You could see Edmund (berserk, incited).

Vanquished Creatures
  Grinder (D:3)
  Eustachio (D:4)
  The ghost of Cecur the Grave Robber, an amateur DsNe (D:4)
  A gnoll shaman (D:4)
  A centaur skeleton (D:4)
  4 gnolls (D:4)
  7 adders
  A worm (D:3)
  A dart slug (D:2)
  4 orcs
  9 bats
  5 endoplasms
  3 giant cockroaches
  3 goblins
  6 hobgoblins
  4 jackals (D:3)
  3 kobolds
  2 quokkas
  7 ball pythons
  8 frilled lizards
  A quokka skeleton (D:4)
  5 rats
78 creatures vanquished.

Vanquished Creatures (others)
  2 withered plants (D:4)
2 creatures vanquished.

Grand Total: 80 creatures vanquished

Notes
Turn   | Place    | Note
-------+----------+-------------------------------------------
     0 | D:1      | innerfire433 the Deep Elf Air Elementalist began the quest
                  | for the Orb.
     0 | D:1      | Reached XP level 1. HP: 10/10 MP: 6/6
   406 | D:1      | Reached XP level 2. HP: 15/15 MP: 5/8
   940 | D:2      | Reached XP level 3. HP: 19/19 MP: 3/10
  1440 | D:2      | Found a faded altar of an unknown god.
  1459 | D:2      | Prayed at the altar of an unknown god.
  1459 | D:2      | Became a worshipper of Gozag Ym Sagoz the Greedy
  1473 | D:2      | Found Ucsyahar's Distillery.
  1489 | D:2      | Reached skill level 4 in Spellcasting
  1728 | D:2      | Reached XP level 4. HP: 22/24 MP: 7/12
  2014 | D:3      | Noticed Grinder
  2038 | D:3      | Killed Grinder
  2039 | D:3      | Reached skill level 1 in Maces & Flails
  2039 | D:3      | Reached XP level 5. HP: 23/28 MP: 0/14
  2039 | D:3      | Reached XP level 6. HP: 26/32 MP: 0/15
  2855 | D:4      | Identified the +0 robe "Narum" {rF+ Str+3 Int+6}
  2889 | D:4      | Reached skill level 5 in Spellcasting
  2890 | D:4      | Noticed Eustachio
  2901 | D:4      | Killed Eustachio
  3100 | D:4      | Found a runed translucent door.
  3100 | D:4      | Noticed Cecur's ghost (amateur DsNe)
  3126 | D:4      | Learned a level 3 spell: Swiftness
  3168 | D:4      | Killed Cecur's ghost
  3169 | D:4      | Reached XP level 7. HP: 29/36 MP: 10/17
  3797 | D:4      | Found a snail-covered altar of Cheibriados.
  4218 | D:4      | Fell from the grace of Gozag
  4218 | D:4      | Became a worshipper of Cheibriados the Contemplative
  4271 | D:5      | Entered Level 5 of the Dungeon
  4273 | D:5      | Noticed Edmund
  4279 | D:5      | Slain by Edmund

Illustrated notes

Levels and vault maps discovered:
D:1:      lemuel_arrival_hallway, layout_basic, amcnicky_mini_pool_small,
          minmay_lizard_pond
D:2:      layout_rooms, basic_ecumenical_altar, serial_shops,
          nicolae_shop_temple_entry_statues_fountains
D:3:      wander_river, layout_rooms, uniq_grinder
D:4:      layout_basic, lemuel_doored_altar, serial_rivers,
          chequers_serial_rivers_large_a, chequers_serial_rivers_small_3,
          chequers_serial_rivers_room_b, chequers_serial_rivers_small_b,
          chequers_serial_rivers_marsh, chequers_serial_rivers_small_3,
          gammafunk_ghost_grave, uniq_eustachio
D:5:      layout_basic, serial_undead, serial_undead_d, serial_undead_d,
          serial_undead_e, serial_undead_e, serial_undead_c,
          minmay_tree_intersection, corexii_hall_statues_i,
          minmay_chambers_of_fives, uniq_pikel, uniq_blork_the_orc, uniq_edmund,
          uniq_sigmund

Skill      XL: |  1  2  3  4  5  6  7 |
---------------+----------------------+-----
Conjurations   | 2 3 4 |  4.1
Spellcasting   | 4 5 |  5.7
Maces & Flails | 1 2 3 |  3.1
Air Magic      | 4 |  4.8
Dodging        | |  2.6
Stealth        | |  2.7

Action                   |  1- 3 |  4- 6 |  7- 9 || total
-------------------------+-------+-------+-------++-------
Melee: Whip              |       |     1 |     9 ||    10
 Cast: Shock             |    92 |    78 |    23 ||   193
       Swiftness         |       |     1 |       ||     1
  Use: Potion            |       |     2 |     1 ||     3
       Scroll            |       |     1 |     7 ||     8
Armor: Robe              |     5 |     2 |     1 ||     8
       Skin              |       |     2 |       ||     2
Dodge: Dodged            |    13 |    11 |     3 ||    27

Table legend: (Time is in decaauts)
 A = Elapsed time spent in this place.
 B = Non-inter-level travel time spent in this place.
 C = Inter-level travel time spent in this place.
 D = Time resting spent in this place.
 E = Time spent auto-exploring this place.
 F = Levels seen in this place.
 G = Mean time per level.
                   A        B        C        D        E       F      G
               +--------+--------+--------+--------+--------+-----+--------+
         Total |   4342 |   3980 |    362 |      0 |   3433 |   5 |  868.4 |
       Dungeon |   4342 |   3980 |    362 |      0 |   3433 |   5 |  868.4 |
               +--------+--------+--------+--------+--------+-----+--------+

Top non-repeatable levels by time:
     D:4: 1528 daAuts
     D:3: 978 daAuts
     D:2: 923 daAuts
     D:1: 904 daAuts
     D:5: 7 daAuts
